 Dungeon Crawl Stone Soup version 0.17-a0-1450-g7e755d1 (webtiles) character file.

6234231 Miyamura the Malleable (level 27, 224/224 HPs)
             Began as a Demonspawn Venom Mage on Feb 7, 2015.
             Was the Champion of Makhleb.
             Escaped with the Orb
             ... and 9 runes on June 30, 2015!
             The game lasted 10:18:03 (103435 turns).

Miyamura the Malleable (Demonspawn Venom Mage)    Turns: 103435, Time: 10:18:04

Health: 224/224    AC: 27    Str: 15    XL:     27
Magic:  43/43      EV: 28    Int: 27    God:    Makhleb [******]
Gold:   10296      SH:  4    Dex: 23    Spells: 13 memorised, 0 levels left

rFire  + . .     SeeInvis .     s - +9 executioner's axe (vamp)
rCold  + + +     Clarity  .     V - +4 troll leather armour {rC+}
rNeg   + + +     SustAt   +     (no shield)
rPois  ∞         Gourm    .     (helmet unavailable)
rElec  +         Spirit   +     r - +4 dragonskin cloak
rCorr  .         Warding  +     S - +2 pair of gloves {Dex+3}
rMut   .         Stasis   .     k - +2 pair of boots {run}
MR     ++++.                    R - macabre finger necklace {Ward rN+}
Stlth  +.........               y - ring "Clenam" {SustAt *Contam rPois Int+8 Stlth-}
                                B - ring of wizardry
                                F - ring of protection from magic

@: lich-form, very slightly contaminated, repel missiles, quick, incredibly
resistant to hostile enchantments, very unstealthy
A: horns 3, large bone plates 3, blurry vision 1, breathe flames 1, deformed
body, deterioration 1, poison resistance, electricity resistance, spiny 3,
strong 1, wild magic 3, evolution 1, augmentation 3, magic shield, magic
regeneration, magic link
a: End Transformation, Minor Destruction, Lesser Servant of Makhleb, Major
Destruction, Greater Servant of Makhleb, Renounce Religion, Breathe Fire
0: Orb of Zot
}: 9/15 runes: decaying, serpentine, slimy, silver, abyssal, demonic, magical,
fiery, dark


You escaped.
You worshipped Makhleb.
Makhleb was exalted by your worship.
You were not hungry.
You were a lich.
You visited 12 branches of the dungeon, and saw 65 of its levels.
You visited Pandemonium 1 time, and saw 29 of its levels.
You visited the Abyss 2 times.
You visited 1 bazaar.
You also visited: Labyrinth, Ice Cave and Wizlab.

You collected 13966 gold pieces.
You spent 3670 gold pieces at shops.

Inventory:

Hand weapons
 s - a +9 vampiric executioner's axe (weapon)
 u - the +8 hand axe of Ivapynac {vamp, rF++ rC+ Dex+3}
   (You bought it in a shop in a bazaar)

   It inflicts no extra harm, but heals its wielder somewhat when it strikes a
   living foe.
   It affects your dexterity (+3).
   It greatly protects you from fire.
   It protects you from cold.
 Q - the +11 battleaxe of Famine {drain, rF+ Dex+3}
   (You found it on level 4 of the Abyss)

   A truly terrible weapon, it drains the life of those it strikes.
   It affects your dexterity (+3).
   It protects you from fire.
Armour
 k - a +2 pair of boots of running (worn)
 m - a +3 buckler of reflection
 r - the +4 dragonskin cloak (worn)
   (You took it off Tiamat on level 1 of the Realm of Zot)
 S - a +2 pair of gloves of dexterity (worn)
 V - a +4 troll leather armour of cold resistance (worn)
Jewellery
 d - an uncursed amulet of clarity
 y - the ring "Clenam" (right hand) {SustAt *Contam rPois Int+8 Stlth-}
   (You bought it in a shop on level 4 of the Orcish Mines)

   [ring of sustain attributes]

   It sustains your strength, intelligence and dexterity.
   It affects your intelligence (+8).
   It protects you from poison.
   It causes magical contamination when unequipped.
   It makes you less stealthy.
 B - a ring of wizardry (left hand)
 F - a ring of protection from magic (on amulet)
 J - an uncursed amulet of resist mutation
 R - the macabre finger necklace (around neck) {Ward rN+}
   (You found it on level 1 of the Snake Pit)

   [amulet of warding]

   It may prevent the melee attacks of summoned creatures.
   It protects you from negative energy.
 Y - an uncursed ring of see invisible
Magical devices
 a - a wand of heal wounds (3)
 j - a wand of hasting (6)
 p - a wand of digging (10)
 v - a wand of teleportation (4)
Scrolls
 b - 2 scrolls of magic mapping
 f - 2 scrolls of recharging
 i - a scroll of brand weapon
 n - 5 scrolls of identify
 q - 6 scrolls of summoning
 x - 31 scrolls of remove curse
 z - a scroll of fear
 C - 9 scrolls of amnesia
 D - 9 scrolls of fog
 G - 11 scrolls of enchant weapon
 M - 6 scrolls of enchant armour
 T - 9 scrolls of teleportation
Potions
 g - 6 potions of lignification
 h - 6 potions of haste
 l - 7 potions of cure mutation
 o - 3 potions of agility
 t - 14 potions of brilliance
 w - 9 potions of cancellation
 E - 28 potions of curing
 O - 8 potions of flight
 U - a potion of restore abilities
 W - 2 potions of berserk rage
 X - 6 potions of magic
Books
 P - a book of Fire

   Spells                             Type                      Level
   a - Ignite Poison                  Fire/Transmutation/Poison    3
   b - Fireball                       Conjuration/Fire             5
   c - Bolt of Fire                   Conjuration/Fire             6
   d - Delayed Fireball               Conjuration/Fire             7
   e - Ring of Flames                 Charms/Fire                  7
Miscellaneous
 e - an ornate deck of summoning {the Pentagram, drawn: 4}
 H - a lamp of fire
 K - a fan of gales
 N - a phial of floods
Comestibles
 c - 31 bread rations


   Skills:
 - Level 20.1 Fighting
 + Level 19.6 Axes
 - Level 1.0 Armour
 - Level 15.3 Dodging
 - Level 1.7 Stealth
 - Level 4.9 Shields
 - Level 15.2 Unarmed Combat
 - Level 16.7 Spellcasting
 - Level 12.9 Conjurations
 - Level 19.1 Charms
 - Level 22.7 Necromancy
 - Level 9.6 Translocations
 - Level 23.9 Transmutations
 - Level 10.0 Ice Magic
 - Level 14.0 Earth Magic
 - Level 5.5 Poison Magic
 - Level 16.1 Invocations


You couldn't memorise any spells.
You knew the following spells:

 Your Spells              Type           Power        Failure   Level  Hunger
a - Bolt of Cold          Conj/Ice       #########.   14%         6    N/A
b - Blink                 Tloc           N/A          3%          2    N/A
c - Bolt of Fire          Conj/Fire      ########..   41%         6    N/A
d - Bolt of Draining      Conj/Necr      ##########   2%          5    N/A
f - Airstrike             Air            #######...   38%         4    N/A
g - Statue Form           Trmt/Erth      #########    4%          6    N/A
h - Haste                 Chrm           ########     4%          6    N/A
i - Dispel Undead         Necr           ########     1%          5    N/A
j - Stoneskin             Trmt/Erth      ########     1%          2    N/A
n - Necromutation         Trmt/Necr      ##########   9%          8    N/A
r - Repel Missiles        Chrm/Air       ######       3%          2    N/A
s - Swiftness             Chrm/Air       ########     3%          2    N/A
v - Venom Bolt            Conj/Pois      #########.   9%          5    N/A

Dungeon Overview and Level Annotations

Branches:
Dungeon (15/15)            Temple (1/1) D:7            Lair (8/8) D:11
  Swamp (5/5) Lair:3        Snake (5/5) Lair:6        Slime (6/6) Lair:8
    Orc (4/4) D:11            Elf (3/3) Orc:4        Vaults (5/5) D:13
  Crypt (3/3) Vaults:3       Tomb (0/3) Crypt:3      Depths (5/5) D:15
    Zot (5/5) Depths:5

Altars:
Ashenzari
Cheibriados
Dithmenos
Elyvilon
Fedhas
Gozag
Kikubaaqudgha
Makhleb
Nemelex Xobeh
Okawaru
Qazlal
Ru
Sif Muna
Trog
Vehumet
Xom
Yredelemnul
Zin
The Shining One
Beogh
Jiyva

Shops:
D:6 *   D:11 *   D:12 [   D:13 [   Orc:1 *   Orc:4 %!**[   Elf:2 [   Vaults:2 [
Vaults:3 (   Vaults:4 %*   Depths:2 }   Depths:5 *

Portals:
Hell: Depths:1 Depths:2 Depths:3 Depths:4 Depths:5
Abyss: Depths:4 Depths:5
Pandemonium: Depths:3
Ziggurat: Depths:5


Innate Abilities, Weirdness & Mutations

You have a pair of large horns on your head.
You are completely covered in large bone plates (AC +4, SH +4).
You are completely covered in sharp spines.
Your magical and physical power is greatly enhanced at high health.
When hurt, damage is shared between your health and your magic reserves.
You regenerate magic rapidly.
When low on magic, you restore magic in place of health.
Scrolls take you a little longer to read.
You can breathe flames.
Armour fits poorly on your strangely shaped body.
Your body sometimes deteriorates upon taking damage.
Your system is resistant to poisons.
You are resistant to electric shocks.
Your muscles are strong. (Str +2)
Your spells are much harder to cast, but much more powerful.
You evolve.


Message History

You slice the sixfirhy!!
The sixfirhy is severely wounded.
You carve the sixfirhy like a ham!!!
You kill the sixfirhy!
Makhleb accepts your kill.
No target in view!
No target in view!
No target in view!
You see here a club.
Evoke which item? (* to show all) (? for menu, Esc to quit)
Zapping:
p - a wand of digging (11)
Press: ? - help, Shift-Dir - straight line The rock shatters into small pieces.
This wand has 10 charges left.
A red devil, a blizzard demon and a pandemonium lord come into view.
The blizzard demon shouts!
Your extra speed is starting to run out.
There is an open door here.
You feel yourself slow down.
There is a staircase leading out of the dungeon here.
You have escaped!

### ♣♣8### ♣L.'.#
♣♣8#.#############
###.........2....
########.......
#....... #.......
#....... #.....4.
######..


There were no monsters in sight!

Vanquished Creatures
  Cerebov (Pan)
  the royal jelly (Slime:6)
  Ignacio (Pan)
  Gloorx Vloq (Pan)
  A seraph (Pan)
  Lom Lobon (Pan)
  Tiamat (Zot:1)
  7 ancient liches
  Khufu (Crypt:2)
  5 orbs of fire
  Mennas (Vaults:5)
  2 greater mummies
  Sojobo (Depths:2)
  Norris (Elf:3)
  2 Killer Klowns (Zot:5)
  14 golden dragons
  12 tentacled monstrosities
  13 pandemonium lords (Pan)
  A profane servitor (Crypt:3)
  10 bone dragons
  9 Brimstone Fiends (Pan)
  4 electric golems
  16 liches
  A hellephant (Abyss:5)
  Jorgrun (Swamp:5)
  12 Ice Fiends
  11 Hell Sentinels (Pan)
  4 deep elf blademasters
  A shard shrike skeleton (Crypt:2)
  26 Orb Guardians (Zot:5)
  12 Shadow Fiends (Pan)
  28 acid blobs
  A titan (shapeshifter) (D:15)
  6 titans
  2 quicksilver dragons (Vaults:5)
  A deep elf master archer (Elf:3)
  An eldritch tentacle (Pan)
  9 tentacled starspawn
  A sphinx (shapeshifter) (Depths:3)
  The ghost of urechis the Brawler, a mighty TrMo of Jiyva (Snake:4)
  2 ancient champions
  6 sphinxes
  Agnes (Elf:2)
  14 storm dragons
  3 thorn hunters
  18 shadow dragons
  The ghost of abixa the Executioner, a mighty MiGl of Okawaru (Swamp:1)
  4 draconian monks
  19 Executioners
  7 tengu reavers
  6 revenants
  Roxanne (Swamp:4)
  3 blood saints (Pan)
  6 daevas (Pan)
  12 greater nagas
  9 azure jellies
  7 chaos champions (Pan)
  Maud (Lair:5)
  6 warmongers (Pan)
  3 draconian knights
  6 iron dragons
  8 black suns (Pan)
  6 draconian scorchers
  20 cacodemons
  5 fire giants
  An orc warlord (Depths:3)
  Louise (Depths:4)
  14 deep elf sorcerers
  13 frost giants
  20 vault wardens
  8 draconian zealots
  6 curse skulls
  7 angels (Pan)
  7 draconian shifters
  16 reapers
  5 ghouls
  2 ghost moths
  12 ironheart preservers
  2 spriggan defenders
  25 balrugs
  13 very ugly things
  6 draconian annihilators
  18 stone giants
  5 apis (Pan)
  10 ophanim (Pan)
  12 lorocyprocas (Pan)
  2 war gargoyles
  13 green draconians
  12 draconian callers
  17 deep elf demonologists
  A salamander firebrand (Depths:3)
  14 black draconians
  11 yellow draconians
  16 deep elf annihilators
  8 purple draconians
  12 white draconians
  10 mottled draconians
  11 red draconians
  10 corrupters (Pan)
  7 eidola
  16 ettins
  14 green deaths
  27 blizzard demons
  12 deep elf death magi
  A minotaur (Lab)
  26 fire dragons
  18 jiangshi
  2 mummy priests (Crypt:3)
  29 vault guards
  6 death oozes (Slime:6)
  17 great orbs of eyes
  7 deep elf high priests
  13 yaktaur captains
  13 rakshasas
  19 ogre magi
  8 death cobs
  6 entropy weavers
  Harold (Lair:3)
  16 centaur warriors
  15 ice dragons
  11 hell beasts (Pan)
  25 naga warriors
  2 spriggan air magi
  6 ghost crabs
  19 hydras
  10 monstrous demonspawn (Pan)
  A ghost crab (shapeshifter) (Depths:3)
  12 anacondas
  A satyr (Abyss:5)
  A catoblepas (Depths:3)
  5 death knights
  18 dancing weapons
  17 deep troll earth magi
  3 vampire magi
  10 alligators
  A tengu warrior (Depths:4)
  A queen ant (shapeshifter) (Depths:3)
  3 orc high priests
  3 shock serpents
  17 naga sharpshooters
  44 sun demons
  11 soul eaters
  8 deep troll shamans
  A shock serpent (shapeshifter) (Vaults:1)
  An iron golem (WizLab)
  6 spriggan berserkers
  Nergalle (Lair:2)
  4 hell hogs (Abyss:5)
  Erolcha (D:11)
  4 iron trolls
  3 salamander mystics
  13 spriggans
  6 wretched stars
  2 thrashing horrors
  11 shadow wraiths
  4 hell knights
  11 ice devils
  21 deep elf knights
  3 spatial maelstroms
  A fire crab (shapeshifter) (WizLab)
  A storm dragon skeleton (Crypt:2)
  9 cherubim (Pan)
  12 shadow demons
  11 swamp dragons
  30 skeletal warriors
  4 ball lightnings (Pan)
  4 spriggan druids
  4 sea snakes (Snake:3)
  5 naga ritualists
  26 gelid demonspawn (Pan)
  10 giant orange brains
  22 putrid demonspawn (Pan)
  10 flayed ghosts
  41 starcursed masses
  29 infernal demonspawn (Pan)
  16 torturous demonspawn (Pan)
  36 deep trolls
  7 deep elf summoners
  2 ice statues (IceCv)
  A spectral iron dragon (Crypt:3)
  4 wizards
  3 unseen horrors
  The ghost of timbw the Cleaver, an experienced GrBe of Trog (D:11)
  8 hill giants
  4 lindwurms (Depths:3)
  23 orc knights
  2 sphinx zombies
  54 ugly things
  10 harpies
  7 phantasmal warriors
  8 necromancers
  An orb spider (shapeshifter) (Vaults:3)
  2 wolf spider zombies
  19 deep elf conjurers
  7 shining eyes
  8 cyclopes
  An iron dragon zombie (Depths:2)
  A frost giant zombie (Vaults:1)
  4 draconian zombies (Zot:3)
  13 mana vipers
  18 ironbrand convokers
  29 moths of wrath
  5 orc sorcerers
  155 slime creatures
  3 water nymphs (shapeshifter)
  A lindwurm (shapeshifter) (Depths:1)
  3 hornets
  A fire giant zombie (Abyss:1)
  A worldbinder (Abyss:1)
  A griffon (shapeshifter) (Vaults:5)
  5 griffons
  9 guardian serpents
  An elephant (shapeshifter) (WizLab)
  4 wolf spiders
  A frost giant skeleton (Depths:2)
  A shining eye (shapeshifter) (Depths:4)
  A dire elephant zombie (Crypt:1)
  28 spiny frogs
  A wolf spider (shapeshifter) (Vaults:5)
  5 elephants (Depths:3)
  A salamander (shapeshifter) (Depths:3)
  A stone giant skeleton (Crypt:2)
  Maurice (D:8)
  45 black mambas
  A centaur zombie (D:15)
  18 salamanders
  Joseph (D:8)
  A fire giant skeleton (Crypt:3)
  2 eyes of devastation
  An eye of devastation (shapeshifter) (WizLab)
  43 sixfirhies
  61 smoke demons
  A guardian serpent (shapeshifter) (WizLab)
  2 apocalypse crabs
  9 vault sentinels
  A gargoyle (D:15)
  4 hellions
  2 orange crystal statues (Zot:5)
  3 rust devils
  20 naga magi
  67 orange demons
  Psyche (D:8)
  2 black draconian zombies
  10 komodo dragons
  38 yaktaurs
  A shock serpent skeleton (Crypt:1)
  2 red draconian zombies
  A green draconian zombie (Zot:3)
  8 demonic crawlers (Pan)
  A white draconian zombie (Zot:1)
  2 dire elephant skeletons
  2 tengu conjurers
  5 ancient zymes
  59 hellwings (Pan)
  A black draconian skeleton (Crypt:2)
  A mottled draconian skeleton (Crypt:1)
  3 kobold demonologists
  7 guardian mummies (Crypt:3)
  A queen bee (shapeshifter) (Depths:1)
  7 fire drakes
  66 large abominations
  7 trolls
  An elf (shapeshifter) (D:15)
  7 tormentors
  29 red devils
  24 deep elf priests
  4 efreet
  Sonja (Orc:3)
  4 wandering mushrooms (Lab)
  A two-headed ogre (shapeshifter) (WizLab)
  12 giant leeches
  15 blue devils
  A merfolk (shapeshifter) (WizLab)
  A death drake zombie (Crypt:2)
  A moth of wrath zombie (Crypt:2)
  A fire dragon zombie (Crypt:1)
  3 jumping spiders (Depths:3)
  5 polar bears
  10 freezing wraiths
  A troll (shapeshifter) (WizLab)
  18 raiju
  6 bog bodies
  A hornet zombie (D:13)
  A shadow dragon simulacrum (Crypt:1)
  A human simulacrum (Vaults:1)
  24 two-headed ogres
  A trapdoor spider zombie (D:14)
  2 fire giant simulacra
  4 boulder beetles
  A frost giant simulacrum (Crypt:1)
  6 vampires
  2 ettin skeletons
  2 spriggans (shapeshifter) (WizLab)
  A trapdoor spider (D:13)
  3 air elementals
  16 redbacks
  4 basilisks
  15 hippogriffs
  11 blink frogs
  2 yaks (shapeshifter) (WizLab)
  9 wyverns
  54 ynoxinuls
  A redback (shapeshifter) (Vaults:4)
  2 humans (shapeshifter)
  2 trapdoor spiders (shapeshifter)
  38 yaks
  A fire bat (Abyss:5)
  62 flying skulls
  2 tarantellas
  7 wraiths
  2 hippogriffs (shapeshifter)
  Eustachio (D:8)
  3 basilisks (shapeshifter) (WizLab)
  A golden eye (shapeshifter) (WizLab)
  3 water elementals
  11 shadows
  The ghost of Fusha the Caller, an average FeSu of Fedhas (D:5)
  Grum (D:13)
  37 deep elf magi
  2 tarantellas (shapeshifter) (WizLab)
  31 neqoxecs
  10 golden eyes
  13 vampire mosquitoes
  10 chaos spawn
  2 hungry ghosts
  A steam dragon (Lair:7)
  54 deep elf fighters
  2 hogs (shapeshifter)
  26 small abominations
  16 wargs
  20 swamp worms
  4 spatial vortices
  An infernal demonspawn zombie (Crypt:1)
  9 wolves
  4 insubstantial wisps (Swamp:4)
  8 hell hounds (Abyss:5)
  A soldier ant (shapeshifter) (D:14)
  2 hydra simulacra
  A water moccasin (shapeshifter) (WizLab)
  70 nagas
  3 mottled dragons
  26 water moccasins
  3 sky beasts
  A human skeleton (Depths:2)
  6 ice beasts
  7 necrophages
  16 porcupines
  15 eyes of draining
  6 black bears
  34 orc warriors
  9 boggarts
  12 swamp drakes
  16 wasps
  A fire dragon simulacrum (Crypt:3)
  A swamp dragon zombie (Crypt:2)
  A removed MONS_BORING_BEETLE (Lair:5)
  3 phantoms
  13 crocodiles
  70 ogres
  A snapping turtle skeleton (Pan)
  2 ogres (shapeshifter)
  2 big kobolds
  A big kobold (shapeshifter) (WizLab)
  25 centaurs
  A swamp dragon skeleton (Abyss:1)
  17 giant frogs
  A wyvern skeleton (D:14)
  A draconian skeleton (Crypt:2)
  A salamander skeleton (Crypt:1)
  A snapping turtle simulacrum (Crypt:1)
  A hippogriff zombie (Crypt:2)
  A cyclops skeleton (Crypt:1)
  4 scorpions
  A yak zombie (Crypt:1)
  A troll skeleton (Lab)
  A spriggan skeleton (Pan)
  5 wights (D:11)
  15 killer bees
  2 beetles
  A giant frog zombie (D:12)
  A wasp zombie (D:13)
  2 quasits
  11 crimson imps
  3 giant frog skeletons
  36 orc priests
  7 hounds
  7 iguanas
  34 jellies
  34 orc wizards
  3 worker ants
  3 centaur skeletons
  A tengu zombie (Crypt:2)
  10 sheep
  A naga skeleton (Crypt:1)
  3 hound zombies
  2 hound skeletons
  2 mummies (Crypt:2)
  7 gnolls
  A worker ant zombie (D:5)
  55 river rats
  26 adders
  A shadow imp (D:11)
  12 white imps
  2 removed MONS_GIANT_MITEs
  A worm (D:2)
  4 giant eyeballs
  8 ufetubi
  An ooze (shapeshifter) (Vaults:5)
  An adder zombie (D:9)
  An adder skeleton (D:5)
  3 giant geckos
  6 oozes
  180 orcs
  4 ball pythons
  A bat skeleton (D:4)
  A bat zombie (D:6)
  11 giant cockroaches
  18 hobgoblins
  12 bats
  A giant gecko skeleton (D:3)
  4 giant newts
  2 giant spores
  21 goblins
  3 jackals (D:1)
  A jackal skeleton (D:5)
  2 jackal zombies
  30 kobolds
  11 quokkas
  A quokka skeleton (D:9)
  14 rats
  A spectral orc (Lair:2)
  6 ballistomycetes
  A crawling corpse (Elf:3)
  2 fulminant prisms (Pan)
  4 fungi (Elf:2)
  2 plants (Lair:8)
  5 starspawn tentacles (Abyss:5)
4298 creatures vanquished.

Vanquished Creatures (collateral kills)
  the Lernaean hydra (Swamp:5)
  An Ice Fiend (IceCv)
  A storm dragon (Depths:3)
  3 greater nagas (Snake:5)
  Aizul (Snake:1)
  An orc warlord (Orc:4)
  5 dire elephants (Lair:8)
  A fire dragon (Depths:3)
  6 hydras
  A spriggan air mage (Depths:1)
  3 naga warriors (Snake:5)
  An anaconda (Lair:8)
  3 naga sharpshooters (Snake:5)
  3 orc high priests (Orc:4)
  A shock serpent (Snake:4)
  2 ice devils (IceCv)
  A ball lightning (Pan)
  4 naga ritualists
  A phantasmal warrior (Vaults:5)
  3 salamanders
  An orc sorcerer (Orc:4)
  A griffon (Lair:7)
  A mana viper (Snake:1)
  4 elephants (Lair:8)
  6 black mambas
  5 naga magi
  2 fire drakes (Lair:7)
  5 blue devils (IceCv)
  A komodo dragon (Lair:8)
  A red devil (Orc:4)
  A troll (Orc:4)
  6 blink frogs
  2 slime creatures (Swamp:4)
  3 basilisks
  A boulder beetle (Lair:7)
  2 wyverns (Lair:7)
  3 yaks (Lair:6)
  8 water moccasins
  25 nagas
  A hell hound (Lair:7)
  12 orc warriors
  A swamp drake (Swamp:5)
  An electric eel (Lair:6)
  8 orc priests
  11 orc wizards
  An iguana (Lair:2)
  2 sheep (Lair:8)
  8 river rats (Lair:8)
  2 adders (Lair:7)
  9 white imps (Snake:2)
  2 orc zombies (Orc:4)
  21 orcs
  A butterfly (Lair:8)
  3 fungi
  2 plants
206 creatures vanquished.

Vanquished Creatures (others)
  A tengu reaver (Depths:2)
  A balrug (IceCv)
  A draconian scorcher (Zot:4)
  A deep elf sorcerer (Elf:3)
  A warmonger (Pan)
  2 green deaths
  A fire dragon (Depths:5)
  2 deep elf high priests (Elf:3)
  An ice dragon (Depths:5)
  2 monstrous demonspawn (Pan)
  A deep troll shaman (Depths:1)
  23 ball lightnings (Pan)
  An infernal demonspawn (Pan)
  A giant orange brain (Pan)
  2 necromancers
  An ugly thing (Depths:2)
  A sixfirhy (Pan)
  A yaktaur (Vaults:1)
  A giant leech (Swamp:3)
  A moth of wrath zombie (Zot:1)
  A vampire (Depths:3)
  An elf simulacrum (Depths:2)
  A fire elemental (Lair:5)
  2 chaos spawn (Abyss:5)
  A golden eye (Abyss:5)
  A boggart (D:14)
  An orc wizard (Vaults:5)
  An adder (Lair:7)
  2 white imps (IceCv)
  An orc (Orc:3)
  A giant spore (D:14)
  45 eldritch tentacle segments (Pan)
  A fulminant prism (Pan)
  5 fungi
  5 lost souls
  2 lurking horrors (Abyss:5)
  2 plants
  22 starspawn tentacles
  101 starspawn tentacle segments (Abyss:5)
242 creatures vanquished.

Grand Total: 4746 creatures vanquished

Notes
Turn   | Place    | Note
--------------------------------------------------------------
     0 | D:1      | Miyamura, the Demonspawn Venom Mage, began the quest for the Orb.
     0 | D:1      | Reached XP level 1. HP: 13/13 MP: 3/3
   320 | D:1      | Gained mutation: You have a pair of small horns on your head. [demonic ancestry]
   320 | D:1      | Reached XP level 2. HP: 20/20 MP: 1/4
   364 | D:1      | Learned a level 2 spell: Cure Poison
   473 | D:1      | Identified a +0 pair of boots of running (You found it on level 1 of the Dungeon)
   629 | D:1      | You fall through a shaft!
   856 | D:2      | Reached skill level 1 in Fighting
  1165 | D:2      | Reached XP level 3. HP: 26/26 MP: 2/6
  1362 | D:2      | Learned a level 3 spell: Mephitic Cloud
  1758 | D:3      | Reached skill level 1 in Armour
  2086 | D:3      | Noticed an ogre
  2100 | D:3      | Killed an ogre
  2100 | D:3      | Gained mutation: You are partially covered in large bone plates (AC +2, SH +2). [demonic ancestry]
  2100 | D:3      | Reached XP level 4. HP: 31/33 MP: 1/8
  2330 | D:3      | Reached XP level 5. HP: 33/38 MP: 9/9
  2507 | D:3      | Found a basalt altar of Yredelemnul.
  2508 | D:3      | Noticed a profane servitor
  2523 | D:3      | Found a glowing golden altar of the Shining One.
  2524 | D:3      | Noticed an angel
  2890 | D:4      | Reached skill level 1 in Unarmed Combat
  2890 | D:4      | Reached skill level 5 in Poison Magic
  3110 | D:4      | Noticed an ogre
  3182 | D:4      | Killed an ogre
  3182 | D:4      | Gained mutation: You have a pair of horns on your head. [demonic ancestry]
  3182 | D:4      | Reached XP level 6. HP: 46/46 MP: 9/13
  4085 | D:4      | You fall through a shaft!
  4085 | D:5      | Entered Level 5 of the Dungeon
  4111 | D:5      | Found a burning altar of Makhleb.
  4113 | D:5      | Noticed a cacodemon
  4115 | D:5      | Found a glowing silver altar of Zin.
  4116 | D:5      | Noticed an angel
  4128 | D:5      | Became a worshipper of Makhleb the Destroyer
  4339 | D:5      | Gained mutation: You are partially covered in sharp spines. [demonic ancestry]
  4339 | D:5      | Reached XP level 7. HP: 44/52 MP: 11/15
  4754 | D:5      | Got a smoking robe
  4938 | D:5      | Noticed Fusha's ghost (average FeSu)
  4971 | D:5      | Killed Fusha's ghost
  4971 | D:5      | Reached skill level 1 in Conjurations
  5276 | D:5      | Acquired Makhleb's first power
  5505 | D:5      | Found a radiant altar of Vehumet.
  5508 | D:5      | Found an ancient bone altar of Kikubaaqudgha.
  5508 | D:5      | Found an opulent altar of Gozag.
  5754 | D:5      | Gained mutation: You are mostly covered in large bone plates (AC +3, SH +3). [demonic ancestry]
  5754 | D:5      | Reached XP level 8. HP: 60/60 MP: 18/18
  6155 | D:6      | Found Zodir's General Store.
  6564 | D:6      | Bought a scroll of remove curse for 36 gold pieces
  6577 | D:6      | Identified the +2 robe of the Moon {+Inv} (You found it on level 5 of the Dungeon)
  6597 | D:6      | Found a shattered altar of Ashenzari.
  6845 | D:6      | Acquired Makhleb's second power
  7429 | D:7      | Reached skill level 5 in Dodging
  7429 | D:7      | Reached skill level 5 in Spellcasting
  7475 | D:6      | Reached skill level 5 in Fighting
  7475 | D:6      | Gained mutation: When hurt, damage is shared between your health and your magic reserves. [demonic ancestry]
  7475 | D:6      | Reached XP level 9. HP: 66/68 MP: 18/21
  7575 | D:7      | Found a staircase to the Ecumenical Temple.
  7595 | Temple   | Entered the Ecumenical Temple
  7745 | D:7      | Got a heavily runed chain mail
  7756 | D:7      | Identified the +5 chain mail "Mniomu" {rC+ Int+3 Dex-4} (You found it on level 7 of the Dungeon)
  7980 | D:8      | Noticed Maurice
  8063 | D:8      | Acquired Makhleb's third power
  8302 | D:8      | Noticed Joseph
  8356 | D:8      | Killed Joseph
  8464 | D:8      | Noticed Psyche
  8486 | D:8      | Paralysed by Psyche for 6 turns
  8496 | D:8      | Killed Psyche
  8615 | D:8      | Reached skill level 5 in Unarmed Combat
  8798 | D:8      | Noticed Eustachio
  8822 | D:8      | Killed Eustachio
  8822 | D:8      | Reached skill level 6 in Fighting
  8880 | D:8      | Killed Maurice
  8880 | D:8      | Reached skill level 5 in Conjurations
  9631 | D:9      | Reached XP level 10. HP: 52/77 MP: 17/24
 10181 | D:9      | Gained mutation: You evolve. [mutagenic meat]
 10182 | D:9      | Gained mutation: You possess an exceptional clarity of mind. [mutagenic meat]
 10183 | D:9      | Gained mutation: You are dopey. (Int -2) [mutagenic meat]
 10615 | D:9      | Lost mutation: You are dopey. (Int -2) [mutagenic meat]
 10616 | D:9      | Lost mutation: You evolve. [mutagenic meat]
 10617 | D:9      | Gained mutation: Your spells are a little easier to cast, but a little less powerful. [mutagenic meat]
 10860 | D:10     | Entered Level 10 of the Dungeon
 11014 | D:10     | Learned a level 5 spell: Venom Bolt
 11028 | D:10     | Acquired Makhleb's fourth power
 11243 | D:9      | Reached skill level 7 in Fighting
 11421 | D:10     | Noticed a hill giant
 11442 | D:10     | Killed a hill giant
 11619 | D:10     | Identified the Guide on Attacks
 12209 | D:10     | Noticed a hill giant
 12336 | D:10     | Killed a hill giant
 12430 | D:11     | Noticed a cyclops
 12640 | D:11     | Gained mutation: You regenerate magic rapidly. [demonic ancestry]
 12640 | D:11     | Reached XP level 11. HP: 84/84 MP: 24/26
 12835 | D:11     | Found a staircase to the Lair.
 13027 | D:11     | Found Bagraf's Assorted Antiques.
 13033 | D:11     | Bought a scroll labeled PEGIMA KAWO for 30 gold pieces
 13038 | D:11     | Noticed Erolcha
 13080 | D:11     | Acquired Makhleb's fifth power
 13145 | D:11     | Killed Erolcha
 13793 | D:11     | Reached skill level 8 in Fighting
 13802 | D:11     | Found a staircase to the Orcish Mines.
 14108 | Lair:1   | Entered Level 1 of the Lair of Beasts
 14475 | Lair:1   | Noticed a five-headed hydra
 14495 | Lair:2   | Reached skill level 1 in Invocations
 14608 | Lair:2   | Noticed a four-headed hydra
 14965 | Lair:1   | Found an iron altar of Okawaru.
 15004 | Lair:1   | Killed a five-headed hydra
 15968 | Lair:2   | Gained mutation: You have difficulty communicating with the divine. [potion of mutation]
 15968 | Lair:2   | Gained mutation: Your spells are easier to cast, but less powerful. [potion of mutation]
 15968 | Lair:2   | Gained mutation: Your flesh is cold resistant. [potion of mutation]
 15969 | Lair:2   | Gained mutation: You are clumsy. (Dex -2) [potion of mutation]
 15969 | Lair:2   | Gained mutation: You expend magic power (3 MP) to strengthen your wands. [potion of mutation]
 15988 | Lair:2   | Lost mutation: Your flesh is cold resistant. [potion of cure mutation]
 15988 | Lair:2   | Lost mutation: You expend magic power (3 MP) to strengthen your wands. [potion of cure mutation]
 15988 | Lair:2   | Lost mutation: You possess an exceptional clarity of mind. [potion of cure mutation]
 16030 | Lair:2   | Killed a four-headed hydra
 16030 | Lair:2   | Gained mutation: You are mostly covered in sharp spines. [demonic ancestry]
 16030 | Lair:2   | Reached XP level 12. HP: 79/94 MP: 12/28
 16129 | Lair:3   | Found a staircase to the Swamp.
 16165 | Lair:3   | Found a labyrinth entrance.
 16173 | Lab      | Entered a labyrinth
 17119 | Lab      | Noticed a minotaur
 17137 | Lab      | Killed a minotaur
 17173 | Lab      | Identified the Disquisition on Scorching Attacks (You found it in a labyrinth)
 17208 | Lab      | Learned a level 4 spell: Force Lance
 17250 | Lair:3   | Got a faintly glowing scale mail
 17261 | Lair:3   | Identified the +3 scale mail of Listlessness {rElec rC+ Str-5 Dex+4} (You found it on level 3 of the Lair of Beasts)
 17280 | Lair:3   | Found a deep blue altar of Sif Muna.
 17291 | Lair:3   | Noticed Harold
 17340 | Lair:3   | Killed Harold
 17340 | Lair:3   | Reached skill level 9 in Fighting
 17340 | Lair:3   | Reached skill level 5 in Invocations
 17528 | Lair:3   | Noticed Nergalle
 17528 | Lair:3   | Noticed a four-headed hydra
 17755 | Lair:2   | Noticed an eight-headed hydra
 18476 | Lair:3   | Got a fine whip
 18477 | Lair:3   | Identified the cursed +2 whip of Hykhosoy {antimagic, +Blink rN+} (You found it on level 3 of the Lair of Beasts)
 18993 | Lair:4   | Killed a four-headed hydra
 20593 | Lair:5   | Upgraded the game from 0.16-a0-3940-gf8a207b to 0.16-a0-3943-gb4b81e6
 20718 | Lair:5   | Noticed Maud
 20767 | Lair:5   | Killed Maud
 20767 | Lair:5   | Reached skill level 10 in Fighting
 20767 | Lair:5   | Reached XP level 13. HP: 24/103 MP: 5/30
 20972 | Lair:5   | Noticed a five-headed hydra
 20980 | Lair:5   | Killed a five-headed hydra
 21455 | Lair:5   | Learned a level 2 spell: Blink
 21458 | Lair:5   | Learned a level 2 spell: Repel Missiles
 21617 | Lair:6   | Got an iridescent mace
 21618 | Lair:6   | Identified the +0 mace "Coubleef" {crush, +Blink} (You found it on level 6 of the Lair of Beasts)
 21862 | Lair:6   | Found a staircase to the Snake Pit.
 22209 | Lair:6   | Reached skill level 10 in Dodging
 22467 | Lair:6   | Reached skill level 10 in Spellcasting
 23409 | Lair:8   | Entered Level 8 of the Lair of Beasts
 23499 | Lair:8   | Found a staircase to the Slime Pits.
 23499 | Lair:8   | Found a viscous altar of Jiyva.
 23815 | Lair:7   | Reached skill level 10 in Unarmed Combat
 24301 | Lair:7   | Reached XP level 14. HP: 104/111 MP: 26/32
 24836 | Lair:8   | Reached skill level 10 in Invocations
 24951 | Lair:8   | Reached skill level 11 in Fighting
 25175 | Lair:8   | Learned a level 4 spell: Ice Form
 25178 | Lair:8   | Learned a level 2 spell: Swiftness
 25676 | Lair:8   | Reached skill level 1 in Transmutations
 25864 | Lair:2   | Killed an eight-headed hydra
 26302 | Lair:1   | Learned a level 5 spell: Blade Hands
 26375 | Orc:1    | Entered Level 1 of the Orcish Mines
 26375 | Orc:1    | Found a bloodstained altar of Trog.
 26938 | Orc:1    | Found Entat's Assorted Antiques.
 26942 | Orc:1    | Bought a scroll of identify for 48 gold pieces
 26942 | Orc:1    | Bought a runed ivory wand for 96 gold pieces
 26942 | Orc:1    | Bought a viscous puce potion for 21 gold pieces
 26942 | Orc:1    | Bought a scroll of identify for 48 gold pieces
 27356 | Orc:3    | Noticed Sonja
 27503 | Orc:3    | Killed Sonja
 27722 | Orc:3    | Found an iron altar of Okawaru.
 28287 | Orc:2    | You fall through a shaft for 2 floors!
 28287 | Orc:4    | Entered Level 4 of the Orcish Mines
 28288 | Orc:4    | Found a staircase to the Elven Halls.
 28318 | Orc:4    | Found Stycit's Food Shop.
 28337 | Orc:4    | Noticed an orc warlord
 28725 | Orc:4    | Found Jiubouk's General Store.
 28725 | Orc:4    | Found Gri Vigh's Armour Shop.
 28729 | Orc:4    | Found Citadyir's Distillery.
 28729 | Orc:4    | Found Grohiomu's General Store.
 28837 | Orc:4    | Killed an orc warlord
 29096 | Orc:4    | Bought a potion of heal wounds for 65 gold pieces
 29096 | Orc:4    | Bought a potion of curing for 39 gold pieces
 29096 | Orc:4    | Bought a potion of heal wounds for 65 gold pieces
 29096 | Orc:4    | Bought a potion of agility for 52 gold pieces
 29096 | Orc:4    | Bought a potion of might for 52 gold pieces
 29096 | Orc:4    | Bought a potion of cancellation for 104 gold pieces
 29096 | Orc:4    | Bought 2 potions of heal wounds for 130 gold pieces
 29097 | Orc:4    | Bought the ring "Clenam" {SustAb Contam rPois+ Int+8 Stlth-} for 500 gold pieces
 29099 | Orc:4    | Upgraded the game from 0.16-a0-3943-gb4b81e6 to 0.16-a0-4002-g2d13b8e
 29613 | D:11     | Noticed timbw's ghost (experienced GrBe)
 29634 | D:11     | Killed timbw's ghost
 29922 | D:12     | Identified a scroll of acquirement
 29979 | D:12     | Found Nigydd's Armour Emporium.
 30166 | D:11     | Killed a cyclops
 30844 | D:13     | Found Zuugeal's Antique Armour Emporium.
 31160 | D:13     | Noticed Grum
 31194 | D:13     | Killed Grum
 31279 | D:13     | Found a gate to the Vaults.
 31444 | D:14     | Gained mutation: You have a pair of large horns on your head. [demonic ancestry]
 31444 | D:14     | Reached XP level 15. HP: 120/120 MP: 19/34
 31637 | D:13     | Upgraded the game from 0.16-a0-4002-g2d13b8e to 0.16-a0-4005-g3d13fd6
 32077 | D:15     | Entered Level 15 of the Dungeon
 32679 | D:15     | Reached skill level 12 in Fighting
 33373 | D:15     | Noticed a caustic shrike
 33708 | Snake:1  | Entered Level 1 of the Snake Pit
 33986 | Snake:1  | Noticed Aizul
 34018 | Snake:1  | Killed Aizul
 34018 | Snake:1  | Reached skill level 5 in Transmutations
 34678 | Snake:1  | Upgraded the game from 0.16-a0-4005-g3d13fd6 to 0.17-a0-702-gb3a3556
 34808 | Snake:2  | Found a frozen archway.
 34838 | IceCv    | Entered an ice cave
 35039 | IceCv    | Noticed an Ice Fiend
 35062 | IceCv    | Killed an Ice Fiend
 36127 | Snake:3  | Upgraded the game from 0.17-a0-702-gb3a3556 to 0.17-a0-1435-geafbe2f
 36127 | Snake:3  | Upgraded the game from 0.17-a0-1435-geafbe2f to 0.17-a0-1447-g3d113ad
 36267 | Snake:3  | Gained mutation: You are completely covered in sharp spines. [demonic ancestry]
 36267 | Snake:3  | Reached XP level 16. HP: 129/129 MP: 26/31
 36306 | Snake:3  | Reached skill level 13 in Invocations
 36336 | Snake:3  | Got a shimmering cloak
 36347 | Snake:3  | Identified the +2 cloak of Vehumet {rC+ Dex+6} (You found it on level 3 of the Snake Pit)
 37158 | Snake:5  | Entered Level 5 of the Snake Pit
 37812 | Snake:4  | Noticed urechis's ghost (mighty TrMo)
 37932 | Snake:4  | Reached skill level 14 in Invocations
 38201 | Snake:4  | Found a basalt altar of Yredelemnul.
 38451 | Snake:4  | Killed urechis's ghost
 38860 | Snake:5  | Lost mutation: Your spells are easier to cast, but less powerful. [potion of cure mutation]
 38860 | Snake:5  | Lost mutation: You are clumsy. (Dex -2) [potion of cure mutation]
 38860 | Snake:5  | Lost mutation: Your spells are a little easier to cast, but a little less powerful. [potion of cure mutation]
 38920 | Snake:5  | Gained mutation: Your magical and physical power is slightly enhanced at high health. [demonic ancestry]
 38920 | Snake:5  | Reached XP level 17. HP: 76/137 MP: 20/33
 38967 | Snake:5  | Got an encrusted war axe
 38974 | Snake:5  | Identified the +6 war axe of Extremism {vamp, rF+ MP+9 Int+2} (You took it off a naga on level 5 of the Snake Pit)
 39386 | Snake:5  | Got a serpentine rune of Zot
 40059 | Snake:5  | Reached skill level 15 in Invocations
 41103 | Lair:2   | Killed Nergalle
 41147 | Lair:1   | Learned a level 5 spell: Bolt of Draining
 41155 | Lair:1   | Learned a level 6 spell: Poison Arrow
 41227 | Swamp:1  | Entered Level 1 of the Swamp
 41379 | Swamp:1  | Reached skill level 1 in Necromancy
 41481 | Swamp:1  | Noticed abixa's ghost (mighty MiGl)
 41499 | Swamp:1  | Killed abixa's ghost
 41499 | Swamp:1  | Gained mutation: Your magical and physical power is enhanced at high health. [demonic ancestry]
 41499 | Swamp:1  | Reached XP level 18. HP: 146/146 MP: 22/35
 43555 | Swamp:4  | Noticed Roxanne
 43571 | Swamp:4  | Killed Roxanne
 43593 | Swamp:4  | Identified Roxanne's Grimoire of the Rocks and Transmutation (You took it off Roxanne on level 4 of the Swamp)
 43612 | Swamp:4  | Got an ancient mace
 43613 | Swamp:4  | Identified the +1 mace of Qazlal's Anger {flame, MR+ Int+3} (You found it on level 4 of the Swamp)
 44418 | Swamp:5  | Entered Level 5 of the Swamp
 44418 | Swamp:5  | Noticed Jorgrun
 44442 | Swamp:5  | Killed Jorgrun
 44781 | Swamp:5  | Noticed the 27-headed Lernaean hydra
 44790 | Swamp:5  | Killed the 27-headed Lernaean hydra
 44790 | Swamp:5  | Reached skill level 5 in Necromancy
 44790 | Swamp:5  | Reached skill level 16 in Invocations
 44937 | Swamp:5  | Got a decaying rune of Zot
 45659 | Lair:1   | Learned a level 6 spell: Statue Form
 45667 | Lair:1   | Learned a level 6 spell: Bolt of Cold
 45797 | Vaults:1 | Entered Level 1 of the Vaults
 45905 | Vaults:1 | Reached skill level 1 in Ice Magic
 45907 | Vaults:1 | Reached skill level 1 in Earth Magic
 46084 | Vaults:1 | Reached XP level 19. HP: 145/153 MP: 33/36
 46626 | Vaults:1 | Paralysed by an ogre mage for 2 turns
 47360 | Vaults:2 | Found Gideb's Armour Shop.
 47398 | Vaults:2 | Paralysed by an ogre mage for 2 turns
 47541 | Vaults:2 | Paralysed by a sphinx for 2 turns
 48045 | Vaults:2 | Got a heavily jewelled robe
 48046 | Vaults:2 | Identified the +0 robe of Ephaufriru {MR++} (You found it on level 2 of the Vaults)
 48151 | Vaults:2 | Reached skill level 5 in Ice Magic
 48151 | Vaults:2 | Reached skill level 5 in Earth Magic
 49125 | Vaults:3 | Reached skill level 15 in Fighting
 49436 | Vaults:3 | Found a staircase to the Crypt.
 49436 | Vaults:3 | Found an ancient bone altar of Kikubaaqudgha.
 49438 | Vaults:3 | Found a basalt altar of Yredelemnul.
 49489 | Vaults:3 | Found Jyhim's Weapon Shop.
 49521 | Vaults:3 | Found a magical portal.
 49539 | WizLab   | Entered Cigotuvi's Fleshworks
 49553 | WizLab   | Reached XP level 20. HP: 162/162 MP: 38/38
 49827 | WizLab   | Learned a level 2 spell: Stoneskin
 49838 | WizLab   | Identified Cigotuvi's Tome of Black Arts and Transformation
 49991 | WizLab   | Paralysed by a giant eyeball for 3 turns
 50007 | WizLab   | Paralysed by a giant eyeball for 3 turns
 50114 | WizLab   | Gained mutation: You are completely covered in large bone plates (AC +4, SH +4). [potion of mutation]
 50114 | WizLab   | Gained mutation: You are resistant to electric shocks. [potion of mutation]
 50114 | WizLab   | Gained mutation: Your spells are a little harder to cast, but a little more powerful. [potion of mutation]
 50115 | WizLab   | Gained mutation: Your body sometimes deteriorates upon taking damage. [potion of mutation]
 50115 | WizLab   | Gained mutation: You can breathe flames. [potion of mutation]
 50117 | WizLab   | Gained mutation: You can translocate small distances at will. [potion of mutation]
 50117 | WizLab   | Gained mutation: You evolve. [potion of mutation]
 50117 | WizLab   | Gained mutation: You can breathe fire. [potion of mutation]
 50118 | WizLab   | Gained mutation: Your spells are harder to cast, but more powerful. [potion of mutation]
 50119 | WizLab   | Gained mutation: You are robust (+10% HP). [potion of mutation]
 50120 | WizLab   | Lost mutation: Your spells are harder to cast, but more powerful. [potion of mutation]
 50121 | WizLab   | Lost mutation: Your body sometimes deteriorates upon taking damage. [potion of mutation]
 50140 | WizLab   | Lost mutation: You can breathe fire. [potion of beneficial mutation]
 50141 | WizLab   | Gained mutation: Your spells are harder to cast, but more powerful. [potion of beneficial mutation]
 50142 | WizLab   | Gained mutation: You have an increased reservoir of magic (+10% MP). [potion of beneficial mutation]
 51169 | Vaults:4 | Gained mutation: Your spells are much harder to cast, but much more powerful. [potion of beneficial mutation]
 51191 | Vaults:4 | Got a pair of distressingly furry boots
 51202 | Vaults:4 | Identified the +0 pair of boots "Odoeriq" {*Drain Dex+7} (You found it on level 4 of the Vaults)
 51488 | Vaults:4 | Found Unol's Food Shop.
 52014 | Vaults:4 | Found Kiomed's General Store.
 52171 | Vaults:4 | Bought a scroll of brand weapon for 400 gold pieces
 52201 | Vaults:5 | Entered Level 5 of the Vaults
 52208 | Vaults:5 | Reached XP level 21. HP: 184/184 MP: 39/43
 52414 | Vaults:5 | Noticed a golden dragon
 52433 | Vaults:5 | Reached skill level 10 in Conjurations
 52443 | Vaults:5 | Killed a golden dragon
 52443 | Vaults:5 | Reached skill level 15 in Dodging
 52556 | Vaults:5 | Reached skill level 15 in Spellcasting
 52737 | Vaults:5 | Noticed an ancient lich
 52744 | Vaults:5 | Killed an ancient lich
 52808 | Vaults:5 | Noticed a golden dragon
 52818 | Vaults:5 | Killed a golden dragon
 52848 | Vaults:5 | Noticed Mennas
 52911 | Vaults:5 | Killed Mennas
 53197 | Vaults:5 | Reached skill level 15 in Unarmed Combat
 53309 | Vaults:5 | Got a coiled sapphire amulet
 53310 | Vaults:5 | Identified the amulet of Incredulity {rCorr rPois} (You found it on level 5 of the Vaults)
 53436 | Vaults:5 | Reached XP level 22. HP: 155/194 MP: 24/45
 53483 | Vaults:5 | Noticed a golden dragon
 53495 | Vaults:5 | Killed a golden dragon
 53593 | Vaults:5 | Noticed a golden dragon
 53603 | Vaults:5 | Killed a golden dragon
 53706 | Vaults:5 | Learned a level 5 spell: Dispel Undead
 53713 | Vaults:5 | Identified the Disquisition on Boosts and the Voyage
 53863 | Vaults:5 | Reached skill level 10 in Transmutations
 53968 | Vaults:5 | Got a scorched dagger
 53969 | Vaults:5 | Identified the cursed +1 dagger of the Twelve Beds {elec, rF- rN++} (You took it off an orc on level 5 of the Vaults)
 53984 | Vaults:5 | Got a silver rune of Zot
 54218 | Vaults:5 | Reached skill level 10 in Ice Magic
 54253 | Vaults:5 | Got a tiger eye-encrusted leather armour
 54264 | Vaults:5 | Identified the +2 leather armour "Meemopp" {Int+4 Dex+2 Slay-2} (You found it on level 5 of the Vaults)
 54764 | Vaults:5 | Got an ichor-stained falchion
 54765 | Vaults:5 | Identified the +12 falchion "Grum" {venom, rPois rN+ Str-2 Int-2} (You took it off an ironbrand convoker on level 5 of the Vaults)
 55149 | Lair:1   | Learned a level 6 spell: Haste
 55434 | D:15     | Found a staircase to the Depths.
 55443 | Depths:1 | Entered Level 1 of the Depths
 55443 | Depths:1 | Found a huge runed gate.
 55443 | Depths:1 | Found a huge runed gate.
 55443 | Depths:1 | Found a huge runed gate.
 55443 | Depths:1 | Found a huge runed gate.
 55443 | Depths:1 | Found a huge runed gate.
 55443 | Depths:1 | Found a huge runed gate.
 55443 | Depths:1 | Found a huge runed gate.
 55443 | Depths:1 | Found a huge runed gate.
 55444 | Depths:1 | Found a huge runed gate.
 55445 | Depths:1 | Found a huge runed gate.
 55446 | Depths:1 | Found a huge runed gate.
 55449 | Depths:1 | Reached skill level 1 in Axes
 55450 | Depths:1 | Found a huge runed gate.
 55451 | Depths:1 | Found a huge runed gate.
 55475 | Depths:1 | Found a huge runed gate.
 55476 | Depths:1 | Found a huge runed gate.
 55477 | Depths:1 | Found a huge runed gate.
 55478 | Depths:1 | Found a huge runed gate.
 55479 | Depths:1 | Found a huge runed gate.
 55480 | Depths:1 | Found a huge runed gate.
 55481 | Depths:1 | Found a huge runed gate.
 55482 | Depths:1 | Found a huge runed gate.
 55483 | Depths:1 | Found a huge runed gate.
 55508 | Depths:1 | Found a huge runed gate.
 55508 | Depths:1 | Found a huge runed gate.
 55508 | Depths:1 | Found a huge runed gate.
 55510 | Depths:1 | Found a huge runed gate.
 55511 | Depths:1 | Found a huge runed gate.
 55512 | Depths:1 | Found a huge runed gate.
 55641 | Depths:1 | Found a huge runed gate.
 55641 | Depths:1 | Found a huge runed gate.
 55641 | Depths:1 | Found a huge runed gate.
 55941 | Depths:1 | Reached skill level 5 in Axes
 55971 | Depths:1 | Found a huge runed gate.
 55972 | Depths:1 | Found a huge runed gate.
 55975 | Depths:1 | Found a huge runed gate.
 55976 | Depths:1 | Found a huge runed gate.
 56079 | Depths:1 | Found a gateway to Hell.
 56374 | Depths:1 | Found a huge runed gate.
 57160 | Depths:2 | Upgraded the game from 0.17-a0-1447-g3d113ad to 0.17-a0-1450-g7e755d1
 57179 | Depths:2 | You fall through a shaft for 2 floors!
 57192 | Depths:3 | Found a one-way gate leading to the halls of Pandemonium.
 57360 | Depths:3 | Got a translucent ring mail
 57371 | Depths:3 | Identified the +2 ring mail "Gezeggit" {rPois Str-5 Int+2 Dex-2} (You found it on level 3 of the Depths)
 57418 | Depths:3 | Gained mutation: Your magical and physical power is greatly enhanced at high health. [demonic ancestry]
 57418 | Depths:3 | Reached XP level 23. HP: 130/201 MP: 28/46
 57427 | Depths:3 | Reached skill level 10 in Axes
 57451 | Depths:3 | HP: 10/201 [enchanted glaive (28)]
 57861 | Depths:3 | Got a pitted short sword
 58095 | Depths:3 | Identified Sif Muna's Almanac of Frigorific Confrontation (You found it on level 3 of the Depths)
 59134 | Depths:2 | Noticed Sojobo
 59505 | Depths:2 | Killed Sojobo
 59537 | Depths:2 | Found Asaodeti's Quality Used Wands.
 59551 | Depths:2 | Bought a wand of heal wounds (0) for 480 gold pieces
 59785 | Depths:2 | Identified the Handbook of Noxious Attacks
 60374 | Depths:4 | Found a one-way gate to the infinite horrors of the Abyss.
 60379 | Depths:4 | Noticed Louise
 60391 | Depths:4 | Killed Louise
 60391 | Depths:4 | Reached skill level 15 in Axes
 60524 | Depths:4 | Gained mutation: Your muscles are strong. (Str +2) [evolution]
 60673 | Depths:4 | Gained mutation: When low on magic, you restore magic in place of health. [demonic ancestry]
 60673 | Depths:4 | Reached XP level 24. HP: 210/210 MP: 46/46
 60965 | Depths:5 | Entered Level 5 of the Depths
 60992 | Depths:5 | Found Galelo Oghu's Demolitions Depot.
 61188 | Depths:5 | Found a gateway to a ziggurat.
 61365 | Depths:5 | Reached skill level 10 in Earth Magic
 61432 | Depths:5 | Found a gate to the Realm of Zot.
 62321 | Slime:1  | Entered Level 1 of the Pits of Slime
 62851 | Slime:3  | Gained mutation: You tend to lose your temper in combat. [a shining eye]
 64244 | Slime:6  | Entered Level 6 of the Pits of Slime
 64368 | Slime:6  | Mutation became permanent: You are completely covered in large bone plates (AC +4, SH +4). [demonic ancestry]
 64368 | Slime:6  | Reached XP level 25. HP: 218/218 MP: 47/47
 64436 | Slime:6  | Noticed the royal jelly
 64462 | Slime:6  | Killed the royal jelly
 64863 | Slime:6  | Got a blackened war axe
 64900 | Slime:6  | Identified the +8 war axe of the Owl {venom, +Inv rElec MR- Str+5} (You found it on level 6 of the Pits of Slime)
 64906 | Slime:6  | Got a diamond-encrusted leather armour
 64917 | Slime:6  | Identified the +3 leather armour "Eteppiwk" {Str+3} (You found it on level 6 of the Pits of Slime)
 64935 | Slime:6  | Got a twisted hand crossbow
 64936 | Slime:6  | Identified the +5 hand crossbow of Fear {penet, rC+ rN+ Dex-2 SInv} (You found it on level 6 of the Pits of Slime)
 65161 | Slime:6  | Got a slimy rune of Zot
 66398 | Vaults:1 | Lost mutation: You tend to lose your temper in combat. [evolution]
 66596 | Depths:3 | Reached skill level 1 in Shields
 67086 | Elf:1    | Entered Level 1 of the Elven Halls
 67917 | Elf:2    | Reached skill level 1 in Translocations
 67926 | Elf:2    | Found Safrim's Armour Boutique.
 67960 | Elf:2    | Reached skill level 1 in Charms
 68258 | Elf:2    | Found a runed gate.
 68258 | Elf:2    | Found a runed gate.
 68258 | Elf:2    | Found a runed gate.
 68388 | Elf:2    | Noticed Agnes
 68394 | Elf:2    | Killed Agnes
 68657 | Elf:3    | Entered Level 3 of the Elven Halls
 68685 | Elf:3    | Found a flickering gateway to a bazaar.
 68702 | Bazaar   | Entered a bazaar
 68706 | Bazaar   | Found Surrud's Jewellery Boutique.
 68724 | Bazaar   | Found Dyelo's Antique Armour Emporium.
 68741 | Bazaar   | Found Ygo Xul's Distillery.
 68746 | Bazaar   | Bought a potion of heal wounds for 90 gold pieces
 68746 | Bazaar   | Bought a potion of haste for 180 gold pieces
 68758 | Bazaar   | Found Mistril's Antique Weapon Shoppe.
 68763 | Bazaar   | Bought a sapphire hand axe for 272 gold pieces
 68763 | Bazaar   | Identified the +8 hand axe of Ivapynac {vamp, rF++ rC+ Dex+3} (You bought it in a shop in a bazaar)
 68798 | Bazaar   | Bought a heavily runed plate armour for 728 gold pieces
 68798 | Bazaar   | Bought a fine scale mail for 234 gold pieces
 68809 | Bazaar   | Identified the cursed +0 plate armour of Yredelemnul's Regard {Str+3} (You bought it in a shop in a bazaar)
 68821 | Bazaar   | Identified the +5 scale mail of the Saviour {rPois rF- Dex+4 Stlth+} (You bought it in a shop in a bazaar)
 69058 | Elf:3    | Found a roughly hewn altar of Beogh.
 69287 | Elf:3    | Reached skill level 5 in Charms
 69318 | Elf:3    | Reached XP level 26. HP: 227/227 MP: 47/47
 69580 | Elf:3    | Reached skill level 5 in Translocations
 69664 | Elf:3    | Got an ivory double sword
 69665 | Elf:3    | Identified the +8 double sword of Poowk {slice, rC+} (You found it on level 3 of the Elven Halls)
 69668 | Elf:3    | Got a transparent scythe
 69674 | Elf:3    | Identified the cursed +1 scythe "Heleope" {slice, Str+7} (You found it on level 3 of the Elven Halls)
 69685 | Elf:3    | Got a steaming glass ring
 69687 | Elf:3    | Identified the ring of the Salamander {Fire rElec Int+5} (You found it on level 3 of the Elven Halls)
 69723 | Elf:3    | Identified Sif Muna's Disquisition on Excruciating Poison
 69731 | Elf:3    | Got a smelly chain mail
 69742 | Elf:3    | Identified the +4 chain mail of Darkness {rElec rN+ Int-3 Stlth-} (You found it on level 3 of the Elven Halls)
 69775 | Elf:3    | Got an uncursed smoking falchion {venom}
 69775 | Elf:3    | Got a translucent plate armour
 69787 | Elf:3    | Identified the +2 plate armour "Wesowkuu" {Str+5} (You took it off a deep elf high priest on level 3 of the Elven Halls)
 69798 | Elf:3    | Identified the +4 falchion "Efaug" {venom, Int+2} (You took it off a deep elf high priest on level 3 of the Elven Halls)
 69838 | Elf:3    | Identified the Tome of Protection
 69842 | Elf:3    | Learned a level 2 spell: Repel Missiles
 70068 | Elf:3    | Noticed Norris
 70084 | Elf:3    | Killed Norris
 70587 | Zot:1    | Entered Level 1 of the Realm of Zot
 70893 | Zot:1    | Noticed Tiamat
 70930 | Zot:1    | Killed Tiamat
 70932 | Zot:1    | Reached skill level 10 in Necromancy
 72433 | Zot:1    | Got a pitted crystal amulet
 72434 | Zot:1    | Identified the amulet of Atheism {+Rage rPois} (You found it on level 1 of the Realm of Zot)
 72524 | Zot:1    | Got a smoking morningstar
 72525 | Zot:1    | Identified the +8 morningstar of Experimentation {crush, Str+2} (You found it on level 1 of the Realm of Zot)
 72933 | Zot:2    | Noticed an orb of fire
 72953 | Zot:2    | Killed an orb of fire
 73217 | Zot:2    | Reached XP level 27. HP: 234/234 MP: 47/47
 74759 | Zot:1    | Got a crude broad axe
 74760 | Zot:1    | Identified the cursed +1 broad axe "Sext" {chop, Dex+5} (You found it on level 1 of the Realm of Zot)
 74958 | Zot:4    | Reached skill level 17 in Fighting
 75035 | Zot:4    | Reached skill level 10 in Charms
 75059 | Zot:4    | Noticed an ancient lich
 75090 | Zot:4    | Killed an ancient lich
 75112 | Zot:4    | Learned a level 8 spell: Necromutation
 75131 | Zot:4    | Reached skill level 15 in Transmutations
 76219 | Zot:5    | Entered Level 5 of the Realm of Zot
 76450 | Zot:5    | Noticed an ancient lich
 76464 | Zot:5    | Killed an ancient lich
 76486 | Zot:5    | Noticed an orb of fire
 76503 | Zot:5    | Noticed an orb of fire
 76511 | Zot:5    | Killed an orb of fire
 76522 | Zot:5    | Killed an orb of fire
 76616 | Zot:5    | Noticed an orb of fire
 76628 | Zot:5    | Killed an orb of fire
 76633 | Zot:5    | Reached skill level 18 in Fighting
 76703 | Zot:5    | Noticed an ancient lich
 76704 | Zot:5    | Noticed an ancient lich
 76705 | Zot:5    | Noticed an ancient lich
 76711 | Zot:5    | Noticed an orb of fire
 76712 | Zot:5    | Killed an ancient lich
 76712 | Zot:5    | Paralysed by an ancient lich for 2 turns
 76719 | Zot:5    | Killed an ancient lich
 76727 | Zot:5    | Killed an ancient lich
 76739 | Zot:5    | Gained mutation: Your body sometimes deteriorates upon taking damage. [an orb of fire]
 76740 | Zot:5    | Killed an orb of fire
 77827 | Crypt:1  | Entered Level 1 of the Crypt
 78536 | Crypt:2  | Noticed Khufu
 78598 | Crypt:2  | Killed Khufu
 78707 | Crypt:2  | Noticed an ancient lich
 78717 | Crypt:2  | Killed an ancient lich
 78722 | Crypt:2  | Reached skill level 19 in Fighting
 78766 | Crypt:2  | Reached skill level 15 in Necromancy
 79561 | Crypt:3  | Entered Level 3 of the Crypt
 79678 | Crypt:3  | Got a heavily runed bone amulet
 79679 | Crypt:3  | Identified the amulet "Zuustr Tita" {Spirit MR+ Str+2} (You found it on level 3 of the Crypt)
 79814 | Crypt:3  | Found a basalt altar of Yredelemnul.
 80305 | Crypt:3  | Got a warped battleaxe
 80306 | Crypt:3  | Identified the +11 battleaxe of the Souls {freeze, rElec} (You found it on level 3 of the Crypt)
 80308 | Crypt:3  | Found a staircase to the Tomb.
 80717 | Crypt:2  | Lost mutation: You have an increased reservoir of magic (+10% MP). [evolution]
 81310 | Pan      | Entered Pandemonium
 81400 | Pan      | Noticed Caif the pandemonium lord
 81423 | Pan      | Killed Caif the pandemonium lord
 81820 | Pan      | Reached skill level 20 in Fighting
 81893 | Pan      | Found an exit through the horrors of the Abyss.
 82229 | Pan      | Found a gateway to a ziggurat.
 82348 | Pan      | Noticed Kaboew the pandemonium lord
 82380 | Pan      | Killed Kaboew the pandemonium lord
 82877 | Pan      | Found an exit through the horrors of the Abyss.
 83171 | Pan      | Noticed Dairani the pandemonium lord
 83203 | Pan      | Killed Dairani the pandemonium lord
 83253 | Pan      | Reached skill level 15 in Charms
 83520 | Pan      | Found an exit through the horrors of the Abyss.
 84038 | Pan      | Found a runed door.
 84198 | Pan      | Found an exit through the horrors of the Abyss.
 84272 | Pan      | Lost mutation: You are robust (+10% HP). [a cacodemon]
 84915 | Pan      | Lost mutation: You can translocate small distances at will. [mutagenic glow]
 85196 | Pan      | Noticed Xyluixot the pandemonium lord
 85327 | Pan      | Killed Xyluixot the pandemonium lord
 85689 | Pan      | Noticed Quloli the pandemonium lord
 85730 | Pan      | Killed Quloli the pandemonium lord
 86150 | Pan      | Found an exit through the horrors of the Abyss.
 87171 | Pan      | Noticed Udojong the pandemonium lord
 87225 | Pan      | Killed Udojong the pandemonium lord
 87626 | Pan      | Found an exit through the horrors of the Abyss.
 88366 | Pan      | Found an exit through the horrors of the Abyss.
 88750 | Pan      | Noticed Qajeg the pandemonium lord
 89345 | Pan      | Found an exit through the horrors of the Abyss.
 89423 | Pan      | Found a gateway to a ziggurat.
 89499 | Pan      | Identified the Collected Works on Harmful Fire
 90202 | Pan      | Paralysed by a giant eyeball for 3 turns
 90241 | Pan      | Noticed Alienn the pandemonium lord
 90276 | Pan      | Killed Alienn the pandemonium lord
 90453 | Pan      | Paralysed by a giant eyeball for 4 turns
 90642 | Pan      | Noticed Vaupyi the pandemonium lord
 90754 | Pan      | Found an exit through the horrors of the Abyss.
 91655 | Pan      | Cast into the Abyss (Vaupyi)
 92011 | Abyss:1  | Got a steaming leather armour
 92022 | Abyss:1  | Identified the cursed +1 leather armour of Quukomua {Str+5 Stlth+} (You found it on level 1 of the Abyss)
 92459 | Abyss:3  | Found a corrupted altar of Lugonu.
 92650 | Abyss:4  | Got a pitted battleaxe
 92651 | Abyss:4  | Identified the +11 battleaxe of Famine {drain, rF+ Dex+3} (You found it on level 4 of the Abyss)
 92665 | Abyss:5  | Entered Level 5 of the Abyss
 92918 | Abyss:5  | Reached skill level 21 in Transmutations
 93055 | Abyss:5  | Got an abyssal rune of Zot
 93143 | Abyss:5  | Paralysed by accursed screaming for 1 turns
 93187 | Abyss:5  | Paralysed by you for 4 turns
 93282 | Pan      | Escaped the Abyss
 93333 | Pan      | Killed Vaupyi the pandemonium lord
 93658 | Pan      | Found a runed door.
 93673 | Pan      | Found a runed door.
 93697 | Pan      | Found a runed door.
 93808 | Pan      | Found a runed door.
 93837 | Pan      | Found an exit through the horrors of the Abyss.
 94333 | Pan      | Noticed Qiplyowi the pandemonium lord
 94349 | Pan      | Killed Qiplyowi the pandemonium lord
 94385 | Pan      | Identified the Volume of Shifting Snow
 94410 | Pan      | Noticed Hakug the pandemonium lord
 94434 | Pan      | Killed Hakug the pandemonium lord
 94647 | Pan      | Got a bloodstained cloak
 94648 | Pan      | Identified the +0 cloak of the Evil One {rCorr} (You acquired it in Pandemonium)
 94671 | Pan      | Found an exit through the horrors of the Abyss.
 95130 | Pan      | Got a distressingly furry chain mail
 95131 | Pan      | Identified the cursed +1 chain mail of Defence {MP+9} (You found it in Pandemonium)
 95225 | Pan      | Reached skill level 22 in Transmutations
 95453 | Pan      | Gained mutation: Armour fits poorly on your strangely shaped body. [a cacodemon]
 95546 | Pan      | Found an exit through the horrors of the Abyss.
 95653 | Pan      | Noticed Kaasoz the pandemonium lord
 95678 | Pan      | Killed Kaasoz the pandemonium lord
 96163 | Pan      | Found an exit through the horrors of the Abyss.
 96685 | Pan      | Noticed Pejuyr the pandemonium lord
 96700 | Pan      | Killed Pejuyr the pandemonium lord
 96859 | Pan      | Identified a +2 rod of shadows (14/14) (You found it in Pandemonium)
 96922 | Pan      | Found an exit through the horrors of the Abyss.
 97537 | Pan      | Noticed a seraph
 97549 | Pan      | Killed a seraph
 97567 | Pan      | Found a glowing golden altar of the Shining One.
 97588 | Pan      | Identified the Grimoire of Aid and Air
 97596 | Pan      | Got a faintly glowing battleaxe
 97597 | Pan      | Identified the +9 battleaxe of the Scroll {chop, Int+3} (You found it in Pandemonium)
 97605 | Pan      | Identified the Guide on Battle Magic and Feathers
 97612 | Pan      | Learned a level 4 spell: Airstrike
 97625 | Pan      | Learned a level 6 spell: Bolt of Fire
 97628 | Pan      | Got a twitching tin ring
 97629 | Pan      | Identified the cursed ring of Ymit {rC- Str+7 Dex-3} (You found it in Pandemonium)
 97632 | Pan      | Got a demonic rune of Zot
 97965 | Pan      | Reached skill level 23 in Transmutations
 98204 | Pan      | Noticed Ulargh the pandemonium lord
 98229 | Pan      | Found an exit through the horrors of the Abyss.
 98332 | Pan      | Killed Ulargh the pandemonium lord
 98410 | Pan      | Entered the realm of Lom Lobon.
 98694 | Pan      | Noticed Lom Lobon
 98915 | Pan      | Got a magical rune of Zot
 99471 | Pan      | Found an exit through the horrors of the Abyss.
 99781 | Pan      | Killed Lom Lobon
 99916 | Pan      | Gained mutation: Your system is resistant to poisons. [evolution]
100072 | Pan      | Entered the realm of Cerebov.
100302 | Pan      | Noticed Cerebov
100379 | Pan      | HP: 11/224 [sun demon[a balrug] (3)]
100380 | Pan      | HP: 1/224 [sun demon[a balrug] (5)]
100880 | Pan      | Killed Cerebov
101040 | Pan      | Got a shimmering chain mail
101042 | Pan      | Got an ancient robe
101044 | Pan      | Identified the +3 chain mail "Ziuchior" {MP+9 Str+4 Dex+4} (You found it in Pandemonium)
101045 | Pan      | Identified the +2 robe "Teduod" {Dex+3} (You found it in Pandemonium)
101050 | Pan      | Identified the Volume of Changing
101104 | Pan      | Got a fiery rune of Zot
101211 | Pan      | Noticed Ranopyo the pandemonium lord
101275 | Pan      | Found an exit through the horrors of the Abyss.
101352 | Pan      | Found an exit through the horrors of the Abyss.
101479 | Pan      | Found an exit through the horrors of the Abyss.
101519 | Pan      | Noticed Ignacio
101539 | Pan      | Killed Ignacio
101800 | Pan      | Found an exit through the horrors of the Abyss.
101854 | Pan      | Noticed Cageics the pandemonium lord
101941 | Pan      | Entered the realm of Gloorx Vloq.
101948 | Pan      | Found an exit through the horrors of the Abyss.
102117 | Pan      | Noticed Gloorx Vloq
102127 | Pan      | Killed Gloorx Vloq
102145 | Pan      | Got a dark rune of Zot
102249 | Pan      | Took an exit into the Abyss.
102249 | Abyss:1  | Escaped into the Abyss
102303 | Abyss:1  | Found a corrupted altar of Lugonu.
102461 | Depths:3 | Escaped the Abyss
102696 | Zot:5    | Got the Orb of Zot
102782 | Zot:2    | Noticed Nycamy the pandemonium lord
102985 | Depths:5 | Gained mutation: Scrolls take you a little longer to read. [mutagenic glow]
103063 | Depths:1 | Noticed Felairomp the pandemonium lord
103065 | Depths:1 | Noticed an ancient lich
103421 | D:1      | Noticed Enoeg the pandemonium lord
103435 | D:$      | Escaped with the Orb!

Vault maps used:
D:1:      saegor_arrival_simple_b
D:2:      minmay_door_path
D:3:      grunt_temple_overflow_holy_war
D:4:      hangedman_abyss_or_decor_lesser_grid
D:5:      grunt_temple_overflow_order_and_chaos_2,
          grunt_temple_overflow_diamond, first_bread, grunt_decor_cap
D:6:      serial_shops, shop, ashenzari_altar_1
D:7:      minmay_temple_entry_junction2
D:8:      hangedman_little_slice_of_home, uniq_joseph, uniq_psyche,
          uniq_maurice, uniq_eustachio
D:10:     minmay_variable_closet
D:11:     erik_lair_orcish_takeover, david_orc_1_choice, serial_shops,
          nicolae_shop_overgrown_old_shop, uniq_erolcha
D:12:     serial_shops, shop
D:13:     david_vaults_5, serial_shops, shop, uniq_grum
D:14:     minmay_door_square, nicolae_wwwww
D:15:     gammafunk_enter_depths_forms
Temple:   circular_temple_12
Lair:1:   basic_altar, serial_bayou_shore_b
Lair:3:   swamp_mist, basic_altar, lab_entry_generic, beast_lair_carwin_11,
          infiniplex_staircase_pool_2, uniq_nergalle, uniq_harold
Lair:4:   st_stairs_6, beast_lair_carwin_6
Lair:5:   uniq_maud
Lair:6:   minmay_snake_entry_six_corridors, minivault_25, lemuel_fruit_fields,
          serial_bayou_shore_a
Lair:7:   bh_chokoban, lemuel_fruit_tree, grunt_megastairs_2
Lair:8:   due_jungle_book, slime_altar_1, bh_autumn_forest_stairs,
          lemuel_fruit_fields, lemuel_fruit_fields
Swamp:1:  nicolae_swamp_triple_paths, infiniplex_staircase_pool
Swamp:2:  evilmike_swamp_ruin_rubble_2, swamp_pool3
Swamp:3:  hangedman_swamp_ruin_hall, swamp_pool1
Swamp:4:  evilmike_swamp_ruin_house_5, swamp_pool3, cheibrodos_swamp_slimy,
          uniq_roxanne
Swamp:5:  swamp_old_school, uniq_jorgrun
Snake:1:  uniq_aizul
Snake:2:  portal_ice_cave_entry_imps, spider_trap
Snake:3:  grunt_ministairs_3, nicolae_snake_springs
Snake:4:  basic_altar
Snake:5:  grunt_snake_rune_spirals
Orc:1:    serial_shops, nicolae_shop_trees, basic_altar
Orc:3:    basic_altar, nicolae_orc_pool_cavern, uniq_sonja
Orc:4:    st_orc_mages, serial_shops, nicolae_shop_waterfront
Elf:1:    eino_elf_arrival_shootout, hangedman_elf_represent
Elf:2:    serial_shops, shop, minmay_misc_feat_five, grunt_ministairs_3,
          uniq_agnes
Elf:3:    nooodl_elf_gasket, special_room, serial_shops, bzr_entry_gold,
          uniq_norris
Vaults:1: nicolae_vaults_little_squares_4, hangedman_vaults_trim,
          vaults_dpeg_spiral, nicolae_vaults_shelves_hall, vaults_room_corners,
          dpeg_vaults_monster_box, ontoclasm_vaults_decontamination, v_misc_3,
          vaults_dpeg_diagonal, vaults_room_semicircle, nicolae_vaults_alarming,
          v_alt_pattern_6
Vaults:2: v_misc_17, nicolae_vaults_big_ls, v_rooms_6, vaults_standard_mumra_x,
          v_misc_28, vaults_room_corners, v_misc_23, vaults_room_fours,
          vaults_room_ringed_pool, ontoclasm_vaults_pinch,
          nicolae_vaults_ring_of_whatevers, serial_shops, shop
Vaults:3: minmay_crypt_entry_necro_gods, kb_rosetta, vaults_dpeg_ring, v_misc_4,
          nicolae_vaults_ring_of_whatevers, v_misc_28,
          nicolae_vaults_border_crossing, nicolae_vaults_mini_display_case,
          nicolae_vaults_little_squares_4, infiniplex_enter_wizlab_glasses,
          serial_shops, shop
Vaults:4: nicolae_vaults_know_your_exits, v_misc_24,
          nicolae_vaults_windows_and_doors_thing, v_misc_29,
          ontoclasm_vaults_loading_screen, nicolae_vaults_diagonal_hallway_8,
          vaults_room_mumra_shop_pool, ontoclasm_vaults_gateway,
          hangedman_vaults_locks, serial_shops, shop
Vaults:5: uniq_mennas
Crypt:2:  grunt_deathspiral_small, uniq_khufu
Crypt:3:  grunt_crypt_end_deaths_head
Depths:1: minmay_misc_feat_columns, hangedman_coc_ice_floe, door_vault,
          roderic_lattice_octagonal_star, grunt_megastairs_3
Depths:2: minmay_fractal_lines_corner, minmay_splitting_lines, hell_entry,
          nicolae_for_you_no_charge, serial_bayou_shore_b,
          infiniplex_staircase_hallway_doors, uniq_sojobo
Depths:3: hangedman_pleasuredromes, pan_entry, hell_entry
Depths:4: minmay_outward_triangles, nicolae_abyss_entry_one_way_or_another,
          hell_entry, infiniplex_staircase_pool_1
Depths:5: evilmike_zot_entry_hall, enter_ziggurat_a,
          abyss_entry_small_statue_room, hangedman_geh_valley,
          nicolae_blasting_shop, serial_bayou_shore_b
Zot:1:    st_grand_hoard_of_tiamat
Zot:2:    zot_minivault_1
Zot:3:    lemuel_draconian_sentries
Zot:4:    hangedman_zot_vaults_quadrants
Abyss:5:  evilmike_abyss_exit_3
Pan:      evilmike_mini_pan_doors, pan_blood_fountain, nicolae_pan_glass_arcs,
          enter_ziggurat_pan_d, pan_blood_fountain, nicolae_pan_mnolegish_3,
          evilmike_mini_pan_thingy, rand_demon_9, rand_demon_3,
          pan_blood_fountain_small, nicolae_pan_diamonds, grunt_pan_sceptre,
          grunt_pan_spiral, enter_ziggurat_pan_d, rand_demon_6,
          pan_blood_fountain, rand_demon_7, evilmike_mini_pan_doors,
          grunt_pan_sceptre, nicolae_pan_lom_lobonic_2, evilmike_mini_pan_V,
          reaverb_pan_figure_eight, grunt_pan_sceptre, evilmike_holy_pan,
          evilmike_mini_pan_layers, evilmike_mini_pan_corner,
          pan_blood_fountain_small, lom_lobon, pan_blood_fountain_2,
          rand_demon_9, pan_blood_fountain, cerebov_grunt, enter_ziggurat_pan_d,
          grunt_pan_frozen_over, nicolae_pan_diamonds, rand_demon_5,
          rand_demon_4, grunt_pan_zigzag, grunt_pan_zigzag,
          evilmike_mini_pan_3x3, nicolae_pan_lom_lobonic_1, evilmike_mini_pan_T,
          pan_blood_fountain_small, pan_blood_fountain, uniq_ignacio,
          nicolae_pan_strange_glyphs, gloorx_vloq
Lab:      labyrinth_hidden_loot, labyrinth_skeletal_remains,
          nicolae_lab_dead_end, nicolae_lab_arrow
Bazaar:   bazaar_jpeg_circle_common
IceCv:    ice_cave_small_demon
WizLab:   wizlab_cigotuvi

Action                   |  1- 3 |  4- 6 |  7- 9 | 10-12 | 13-15 | 16-18 | 19-21 | 22-24 | 25-27 || total
-------------------------+-------+-------+-------+-------+-------+-------+-------+-------+-------++-------
Melee: Dagger            |    72 |       |     3 |       |       |       |       |       |       ||    75
       Unarmed           |       |   222 |   609 |  1502 |  2470 |  1033 |  1175 |   135 |     4 ||  7150
       Staff             |       |       |       |       |       |    78 |    65 |    23 |       ||   166
       War axe           |       |       |       |       |       |       |       |  1461 |   384 ||  1845
       Hand axe          |       |       |       |       |       |       |       |       |  5834 ||  5834
       Battleaxe         |       |       |       |       |       |       |       |       |  1013 ||  1013
       Executioner's axe |       |       |       |       |       |       |       |       |   252 ||   252
 Cast: Sting             |    65 |    58 |    51 |    48 |       |       |       |       |       ||   222
       Cure Poison       |       |     2 |     2 |     7 |     9 |     4 |       |     1 |     1 ||    26
       Mephitic Cloud    |       |     2 |     3 |    53 |       |     4 |       |       |       ||    62
       Venom Bolt        |       |       |       |    17 |     4 |    18 |       |     3 |       ||    42
       Force Lance       |       |       |       |     1 |       |     5 |       |       |       ||     6
       Repel Missiles    |       |       |       |       |     8 |     6 |     4 |     5 |    17 ||    40
       Blade Hands       |       |       |       |       |    76 |   131 |    67 |     7 |       ||   281
       Blink             |       |       |       |       |     1 |    12 |       |     1 |     8 ||    22
       Bolt of Draining  |       |       |       |       |       |    26 |     4 |    14 |       ||    44
       Stoneskin         |       |       |       |       |       |       |     2 |    11 |    37 ||    50
       Statue Form       |       |       |       |       |       |       |       |    10 |    34 ||    44
       Bolt of Cold      |       |       |       |       |       |       |       |     2 |     5 ||     7
       Necromutation     |       |       |       |       |       |       |       |       |   176 ||   176
       Haste             |       |       |       |       |       |       |       |       |    30 ||    30
       Dispel Undead     |       |       |       |       |       |       |       |       |    15 ||    15
       Airstrike         |       |       |       |       |       |       |       |       |     1 ||     1
Invok: Minor Destruction |       |       |       |     1 |       |     1 |       |       |       ||     2
       Major Destruction |       |       |       |     1 |    11 |     7 |       |       |       ||    19
       Greater Servant o |       |       |       |     1 |    22 |    13 |       |     2 |       ||    38
       Lesser Servant of |       |       |       |       |     1 |       |       |       |     1 ||     2
 Abil: End Transformatio |       |       |       |       |       |    16 |    11 |    10 |    30 ||    67
Evoke: Wand              |       |       |       |     6 |       |     2 |     6 |     6 |    60 ||    80
       Lamp of fire      |       |       |       |     1 |       |       |     1 |       |     2 ||     4
       Fan of gales      |       |       |       |       |       |     2 |     1 |       |       ||     3
       Deck              |       |       |       |       |       |       |     1 |       |     3 ||     4
       Phial of floods   |       |       |       |       |       |       |       |       |     2 ||     2
       Phantom mirror    |       |       |       |       |       |       |       |       |     2 ||     2
  Use: Scroll            |     6 |     7 |     7 |    14 |    22 |     9 |    13 |    16 |    98 ||   192
       Potion            |       |       |     3 |    12 |     6 |     6 |    25 |     8 |    23 ||    83
 Stab: Sleeping          |     3 |     1 |     5 |     8 |     2 |       |     1 |     1 |     1 ||    22
       Invisible         |       |       |     2 |       |       |       |       |       |       ||     2
       Confused          |       |       |     5 |    36 |     1 |     2 |       |       |     1 ||    45
       Distracted        |       |       |       |     1 |     4 |     6 |     1 |     1 |     6 ||    19
       Fleeing           |       |       |       |     1 |       |       |       |       |       ||     1
       Petrifying        |       |       |       |       |       |       |       |       |     2 ||     2
       Paralysed         |       |       |       |       |       |       |       |       |     1 ||     1
  Eat: Chunk             |     4 |     6 |    18 |    47 |    67 |    31 |    23 |     6 |     5 ||   207
       Beef jerky        |       |       |     1 |     1 |     3 |     3 |     1 |     3 |     3 ||    15
       Pizza             |       |       |       |     1 |     1 |     1 |       |     1 |     1 ||     5
       Meat ration       |       |       |       |     1 |     1 |       |       |     7 |     4 ||    13
       Fruit             |       |       |       |     1 |     2 |       |     1 |       |     8 ||    12
       Royal jelly       |       |       |       |       |       |     4 |     1 |     1 |     1 ||     7
       Bread ration      |       |       |       |       |       |       |       |     2 |    21 ||    23
